 Dungeon Crawl Stone Soup version 0.31-a0-221-gbddc013574 (webtiles) character file.

Game seed: 961842009133441214

55 qw the Shooter (level 3, -6/29 HPs)
             Began as a Minotaur Hexslinger on July 4, 2023.
             Mangled by a gnoll
             ... wielding a +1 heavy spear
              (9 damage)
             ... on level 3 of the Dungeon.
             The game lasted 00:00:37 (1775 turns).

qw the Shooter (Minotaur Hexslinger)                Turns: 1775, Time: 00:00:37

Health: -6/29      AC:  6    Str: 12    XL:     3   Next: 67%
Magic:  3/3        EV: 11    Int: 10    God:
Gold:   58         SH:  0    Dex: 14    Spells: 3/4 levels left

rFire   . . .        Y - +1 sling
rCold   . . .        (no shield)
rNeg    . . .        e - +0 ring mail
rPois   +            (helmet restricted)
rElec   .            (no cloak)
rCorr   .            i - +0 pair of gloves
SInv    .            (no boots)
Will    .....        (no amulet)
Stlth   +            d - ring of poison resistance
HPRegen 0.24/turn    (no ring)
MPRegen 0.08/turn

%: no passive effects
@: no status effects
A: horns 2, retaliatory headbutt
a: no special abilities


You were on level 3 of the Dungeon.
You visited 1 branch of the dungeon, and saw 3 of its levels.

You collected 58 gold pieces.


Innate Abilities, Weirdness & Mutations

You have a pair of horns on your head.
You reflexively headbutt those who attack you in melee.


   Skills:
 - Level 2.0 Fighting
 + Level 4.0 Ranged Weapons
 - Level 1.0 Armour
 - Level 2.1 Dodging
 - Level 1.0 Spellcasting
 - Level 2.0 Hexes


You had 3 spell levels left.
You knew the following spells:

 Your Spells              Type           Power      Damage    Failure   Level
a - Slow                  Hex            16%        N/A       34%         1

Your spell library contained the following spells:

 Spells                   Type           Power      Damage    Failure   Level
 Inner Flame              Hex/Fire       2%         N/A       83%         3
 Portal Projectile        Hex/Tloc       4%         N/A       83%         3
 Cause Fear               Hex            2%         N/A       98%         4

Inventory:

Hand Weapons
 Y - a +1 sling (weapon)
Armour
 e - a +0 ring mail (worn)
 i - a +0 pair of gloves (worn)
Jewellery
 a - a ring of ice
 d - a ring of poison resistance (left hand)
Scrolls
 c - a scroll of blinking {unknown}
 h - 2 scrolls of identify
 k - a scroll of enchant armour {unknown}
Potions
 b - a potion of brilliance {unknown}
 f - a potion of invisibility {unknown}
 g - a potion of magic {unknown}
 j - a potion of curing {unknown}

Dungeon Overview and Level Annotations

Branches:
Dungeon (3/15)

Altars:

Shops:
D:2 :

Annotations:
D:3 3 runed translucent doors, qw's ghost, amateur GrHs


Message History

You shoot a sling bullet.
The sling bullet hits the gnoll but does no damage.
The gnoll hits you from afar with a +1 heavy spear.
You shoot a sling bullet. The sling bullet hits the gnoll.
The gnoll is lightly wounded.
You shoot a sling bullet. The sling bullet hits the gnoll.
The gnoll is moderately wounded.
The gnoll hits you but does no damage.
You shoot a sling bullet. The sling bullet hits the gnoll.
The gnoll is heavily wounded.
The gnoll barely misses you.
You shoot a sling bullet.
The sling bullet closely misses the gnoll.
The gnoll hits you from afar with a +1 heavy spear.
The white imp shouts, "Give up, thou mangled doghearted erk!"
You shoot a sling bullet.
The sling bullet closely misses the gnoll.
The gnoll closely misses you.
You shoot a sling bullet. The sling bullet hits the gnoll.
The gnoll is severely wounded.
The gnoll closely misses you.
You shoot a sling bullet.
The sling bullet closely misses the gnoll.
The gnoll misses you.
You shoot a sling bullet.
The sling bullet closely misses the gnoll.
The gnoll hits you from afar with a +1 heavy spear!
You shoot a sling bullet. The sling bullet hits the gnoll.
The gnoll is severely wounded.
The white imp sputters.
The gnoll hits you from afar with a +1 heavy spear!
You shoot a sling bullet. The sling bullet hits the gnoll.
The gnoll is almost dead.
You shoot a sling bullet.
The sling bullet barely misses the gnoll.
The gnoll hits you from afar with a +1 heavy spear.
You shoot a sling bullet.
The sling bullet barely misses the gnoll.
The gnoll hits you from afar with a +1 heavy spear!
You die...

##...........####..
#................#
#..........#####..
#######........##
###
.....K#.##...### #
...5..%5##.### #
#g##.# # ##....#
#@..### #...# #..##
#..## #.## .. ..#
###


You could see a gnoll and a white imp.

Vanquished Creatures
  A dart slug (D:2)
  A ball python (D:2)
  6 bats
  6 endoplasms
  A giant cockroach (D:1)
  4 goblins
  5 hobgoblins
  7 jackals
  A quokka (D:2)
  A frilled lizard (D:1)
  6 kobolds
  6 rats
45 creatures vanquished.

Notes
Turn   | Place    | Note
-------+----------+-------------------------------------------
     0 | D:1      | qw the Minotaur Hexslinger began the quest for the Orb.
     0 | D:1      | Reached XP level 1. HP: 16/16 MP: 1/1
     0 | D:1      | 0 ||| qw: Version: 0.3-a-40-ge99b1a8
     0 | D:1      | 0 ||| qw: Game counter: 653
     0 | D:1      | 0 ||| qw: Melee chars always use a shield: true
     0 | D:1      | 0 ||| qw: God list: Okawaru
     0 | D:1      | 0 ||| qw: Allow faded altars: false
     0 | D:1      | 0 ||| qw: Do Orc after clearing Dungeon:15 true
     0 | D:1      | 0 ||| qw: Do second Lair branch before Depths: true
     0 | D:1      | 0 ||| qw: Lair rune preference: random
     0 | D:1      | 0 ||| qw: Goals: Normal
     0 | D:1      | 0 ||| PLANNING D:1-11
   112 | D:1      | Reached skill level 3 in Ranged Weapons
   134 | D:1      | Reached XP level 2. HP: 23/23 MP: 2/2
   523 | D:1      | 523 ||| UPGRADING to +0 ring mail.
   533 | D:1      | 533 ||| DROPPING +0 robe.
   534 | D:1      | 534 ||| UPGRADING to +0 pair of gloves.
   539 | D:1      | 539 ||| READING scroll labelled DITUEMMOIRGH.
   540 | D:1      | 540 ||| READING scroll labelled VAUZADAHEJ.
   541 | D:1      | 541 ||| DROPPING scroll of poison.
   894 | D:2      | Reached XP level 3. HP: 28/29 MP: 3/3
   927 | D:2      | Found Cihethro's Book Emporium.
  1473 | D:2      | 1473 ||| UPGRADING to ring of poison resistance.
  1474 | D:2      | 1474 ||| READING scroll labelled CEAMIJ FIEBRELU.
  1587 | D:3      | Reached skill level 4 in Ranged Weapons
  1606 | D:3      | Found a faded altar of an unknown god.
  1607 | D:3      | Found a runed translucent gate.
  1608 | D:3      | Found a runed translucent gate.
  1608 | D:3      | Noticed qw's ghost (amateur GrHs)
  1609 | D:3      | Found a runed translucent gate.
  1734 | D:3      | Reached skill level 1 in Armour
  1757 | D:3      | 1757 ||| Stepping ~*~*~tactically~*~*~ (outnumbered).
  1761 | D:3      | 1761 ||| Stepping ~*~*~tactically~*~*~ (outnumbered).
  1762 | D:3      | 1762 ||| Stepping ~*~*~tactically~*~*~ (outnumbered).
  1772 | D:3      | HP: 4/29 [gnoll/+1 heavy spear (11)]
  1775 | D:3      | Mangled by a gnoll

Levels and vault maps discovered:
D:1:      scummos_arrival_star, layout_loops_cross
D:2:      layout_basic, serial_shops, nicolae_book_shop_shelving,
          dreamdust_mushroom_princess, minmay_hexomino_f4
D:3:      layout_rooms, kennysheep_slug_shrine, biasface_ghost_orc_armoury,
          nicolae_ecumenical_oubliette, kennysheep_another_room,
          minmay_divided_ellipse

Skill      XL: |  1  2  3 |
---------------+----------+-----
Ranged Weapons | 3 4 |  4.0
Fighting       | 2 |  2.0
Armour         | 1 |  1.0
Dodging        | |  2.1
Spellcasting   | |  1.0
Hexes          | |  2.0

Action                     || total
---------------------------++-------
   Fire: Sling             ||   139
    Use: Scroll            ||     3
 Armour: Robe              ||     5
         Ring mail         ||     9
  Dodge: Dodged            ||    26

Table legend:
 A = Non-vault XP
 B = Vault XP
 C = Vault XP percentage of total XP
 D = Non-vault monster count
 E = Vault monster count
 F = Vault count percentage of total count
                 A         B        C        D         E       F
            +---------+---------+-------+---------+---------+-------
      Total |      70 |       9 |  11.4 |      40 |       5 |  11.1
            +---------+---------+-------+---------+---------+-------
        D:1 |      24 |       0 |   0.0 |      16 |       0 |   0.0
        D:2 |      30 |       7 |  18.9 |      15 |       4 |  21.1
        D:3 |      16 |       2 |  11.1 |       9 |       1 |  10.0
            +---------+---------+-------+---------+---------+-------
